 Dungeon Crawl Stone Soup version 0.25-a0-246-g58704a1ebd (webtiles) character file.

Game seed: 10954173253743350087, levelgen mode: deterministic

158 trivialoptimal the Shooter (level 5, -5/32 HPs)
             Began as a Deep Elf Hunter on Dec 3, 2019.
             Killed by divine providence
             ... invoked by an orc priest
              (12 damage)
             ... on level 4 of the Dungeon.
             The game lasted 00:15:02 (5157 turns).

trivialoptimal the Shooter (Deep Elf Hunter)        Turns: 5157, Time: 00:15:03

Health: -5/32      AC:  6    Str:  9    XL:     5   Next: 16%
Magic:  7/7        EV: 11    Int: 16    God:
Gold:   73         SH:  0    Dex: 16    Spells: 4/4 levels left

rFire    . . .     SeeInvis .   b - +1 dagger (speed)
rCold    . . .     Gourm    .   (no shield)
rNeg     . . .     Faith    .   h - +0 ring mail
rPois    .         Spirit   .   (no helmet)
rElec    .         Reflect  .   r - +0 cloak
rCorr    .         Harm     .   (no gloves)
MR       .....                  (no boots)
Stlth    +.........             (no amulet)
HPRegen  0.10/turn              (no ring)
MPRegen  0.10/turn              (no ring)

@: no status effects
A: no striking features
a: no special abilities


You were on level 4 of the Dungeon.
You were not hungry.

You visited 1 branch of the dungeon, and saw 5 of its levels.

You collected 73 gold pieces.

Inventory:

Hand Weapons
 a - a +1 shortbow
 b - a +1 dagger of speed (weapon)
   (You took it off a goblin on level 3 of the Dungeon)
 o - a +0 rapier
   (You found it on level 3 of the Dungeon)
 p - a +0 falchion
   (You found it on level 3 of the Dungeon)
Missiles
 d - 26 arrows
 e - 3 javelins (quivered)
 s - 6 boomerangs
Armour
 c - a +0 leather armour
 h - a +0 ring mail (worn)
   (You took it off Terence on level 1 of the Dungeon)
 r - a +0 cloak (worn)
   (You found it on level 3 of the Dungeon)
Scrolls
 m - a scroll of remove curse
 n - a scroll of fog
Comestibles
 f - 6 rations
 q - 6 chunks of flesh


   Skills:
 + Level 3.5 Fighting
 + Level 0.4 Short Blades
 + Level 5.1 Bows
 - Level 3.0 Dodging
 - Level 2.0 Stealth


You had 4 spell levels left.
You didn't know any spells.
Your spell library was empty.

Dungeon Overview and Level Annotations

Branches:
Dungeon (5/15)
 Temple: D:4-7

Altars:
Makhleb
Trog


Message History

You closely miss the hobgoblin. You closely miss the hobgoblin.
The hobgoblin barely misses you.
You hit the hobgoblin.
The hobgoblin is moderately wounded.
The hobgoblin barely misses you.
You hit the hobgoblin.
The hobgoblin is severely wounded.
You closely miss the hobgoblin.
The hobgoblin is severely wounded.
The hobgoblin hits you but does no damage.
You hit the hobgoblin.
You kill the hobgoblin!
No target in view!
Found a leather armour.
You see here a hobgoblin corpse.
You butcher the hobgoblin corpse.
g - 6 chunks of flesh (gained 3)
You see here a hobgoblin skeleton.
You see here a rapier.
o - a rapier You see here a falchion.
p - a falchion
There is an escape hatch in the ceiling here.
You open the door.
A kobold comes into view. It is wielding a +0 club.
The kobold shouts!
The kobold throws a stone.
The stone hits you but does no damage.
There is an open door here.
You see here a stone.
You closely miss the kobold. The kobold closely misses you.
You hit the kobold but do no damage. The kobold hits you but does no damage.
You hit the kobold.
You kill the kobold!
No target in view!
No target in view!
There is an open door here.
You see here a stone.
You see here a leather armour.
a - a +1 shortbow (weapon)
Found a ration.
An adder comes into view.
The adder hisses angrily.
Firing (i - inventory. (/) - cycle)
d - 26 arrows (quivered)
Press: ? - help, Shift-Dir - straight line, f - adder
Aim: an adder You shoot an arrow.
The arrow barely misses the adder.
Firing (i - inventory. (/) - cycle)
d - 25 arrows (quivered)
Press: ? - help, Shift-Dir - straight line, f/p - adder
Aim: an adder You shoot an arrow.
The arrow hits the adder.
The adder is heavily wounded.
Firing (i - inventory. (/) - cycle)
d - 24 arrows (quivered)
Press: ? - help, Shift-Dir - straight line, f/p - adder
Aim: an adder (heavily wounded)
You shoot an arrow. The arrow closely misses the adder.
The adder closely misses you.
Firing (i - inventory. (/) - cycle)
d - 23 arrows (quivered)
Press: ? - help, Shift-Dir - straight line, f/p - adder
Aim: an adder (heavily wounded)
You shoot an arrow.
The arrow hits the adder but does no damage.
The adder is heavily wounded.
The adder barely misses you. The adder misses you.
Firing (i - inventory. (/) - cycle)
d - 22 arrows (quivered)
Press: ? - help, Shift-Dir - straight line, f/p - adder
Aim: an adder (heavily wounded)
You shoot an arrow.
The arrow hits the adder but does no damage.
The adder is heavily wounded.
The adder bites you.
Firing (i - inventory. (/) - cycle)
d - 21 arrows (quivered)
Press: ? - help, Shift-Dir - straight line, f/p - adder
Aim: an adder (heavily wounded)
You shoot an arrow. The arrow hits the adder.
The adder is severely wounded.
The adder closely misses you. The adder bites you.
You are poisoned.
The adder poisons you!
Firing (i - inventory. (/) - cycle)
d - 20 arrows (quivered)
Press: ? - help, Shift-Dir - straight line, f/p - adder
Aim: an adder (severely wounded)
You shoot an arrow. The arrow misses the adder.
You feel sick. The adder bites you.
Firing (i - inventory. (/) - cycle)
d - 19 arrows (quivered)
Press: ? - help, Shift-Dir - straight line, f/p - adder
Aim: an adder (severely wounded)
You shoot an arrow. The arrow hits the adder.
You kill the adder!
Unknown command.
You feel sick.
d - 22 arrows (gained 4)
d - 23 arrows (gained 1)
You feel sick.
You start resting.
You feel sick. x3
You are no longer poisoned.
You start resting.
Some of the chunks of flesh in your inventory have rotted away.
Eating one of 5 chunks of flesh.
You eat one of the 5 chunks of flesh.
This raw flesh tastes terrible.
Some of the chunks of flesh in your inventory have rotted away.
All of the chunks of flesh in your inventory have rotted away.
HP restored.
d - 25 arrows (gained 2)
d - 26 arrows (gained 1)
Found a fuming white potion.
f - 5 rations (gained 1)
A frilled lizard comes into view.
The frilled lizard hisses angrily.
g - a fuming white potion Your hands tingle!
b - a +1 dagger of speed (weapon)
You hit the frilled lizard but do no damage.
The frilled lizard closely misses you.
You hit the frilled lizard.
You kill the frilled lizard!
No target in view!
Okay, then.
Okay, then.
You open the door.
A kobold comes into view. It is wielding a +0 whip.
There is an open door here.
The kobold barely misses you.
You closely miss the kobold. You miss the kobold.
The kobold hits you but does no damage.
You closely miss the kobold. The kobold barely misses you.
You hit the kobold.
You kill the kobold!
No target in view!
Things that are here:
a +0 whip; a kobold corpse A hobgoblin comes into view.
A hobgoblin is nearby!
The hobgoblin shouts!
You hit the hobgoblin.
The hobgoblin is moderately wounded.
A hobgoblin comes into view. It is wielding a +0 club.
The hobgoblin barely misses you.
The hobgoblin shouts!
You hit the hobgoblin.
The hobgoblin is almost dead.
You hit the hobgoblin but do no damage.
The hobgoblin is almost dead.
The hobgoblin hits you but does no damage.
You hit the hobgoblin.
You kill the hobgoblin!
The hobgoblin closely misses you.
You hit the hobgoblin.
The hobgoblin is heavily wounded.
You hit the hobgoblin but do no damage.
The hobgoblin is heavily wounded.
The hobgoblin barely misses you.
You hit the hobgoblin.
You kill the hobgoblin!
No target in view!
Things that are here:
a +0 club; a hobgoblin corpse You butcher the hobgoblin corpse.
q - 4 chunks of flesh
Things that are here:
a +0 club; a hobgoblin skeleton You open the door.
There is an open door here.
There is an open door here.
Found a burning altar of Makhleb.
There is a burning altar of Makhleb here.
Things that are here:
a whip; a robe
Found a ration.
Found a cloak.
f - 6 rations (gained 1)
A kobold comes into view.
The kobold shouts!
A hobgoblin comes into view. It is wielding a +0 club.
You completely miss the kobold.
The hobgoblin shouts!
You hit the kobold.
You kill the kobold!
You see here a kobold corpse.
A quokka comes into view.
The hobgoblin hits you but does no damage.
You hit the hobgoblin but do no damage. The hobgoblin barely misses you.
You closely miss the hobgoblin. You hit the hobgoblin.
The hobgoblin is severely wounded.
The hobgoblin misses you.
You see here a kobold corpse.
You closely miss the hobgoblin.
The hobgoblin is severely wounded.
The hobgoblin hits you with a +0 club.
You hit the hobgoblin but do no damage.
The hobgoblin is severely wounded.
You hit the hobgoblin.
The hobgoblin is almost dead.
The hobgoblin hits you but does no damage.
You hit the hobgoblin.
You kill the hobgoblin!
You closely miss the quokka. You hit the quokka.
The quokka is moderately wounded.
The quokka bites you.
You hit the quokka.
You kill the quokka!
No target in view!
Things that are here:
a +0 club; a hobgoblin corpse You butcher the hobgoblin corpse.
q - 7 chunks of flesh (gained 3)
Things that are here:
a +0 club; a hobgoblin skeleton There isn't anything to butcher here.
You see here a kobold corpse.
You see here a cloak.
r - a cloak You start putting on your armour.
You continue putting on your cloak. x4
You finish putting on your +0 cloak.
Found 6 boomerangs.
You see here 6 boomerangs.
s - 6 boomerangs HP restored.
You fall into a shaft and drop 2 floors!
The shaft crumbles and collapses.
Found 17 stones.
You see here 17 stones.
Okay, then.
a - a +1 shortbow (weapon)
You are feeling hungry.
Eat one of 7 chunks of flesh? (ye/n/q)
You eat one of the 7 chunks of flesh.
This raw flesh tastes terrible.
Found an inky potion.
i - 2 inky potions (gained 1)
Okay, then.
A worm comes into view.
Found a war axe and 15 bolts.
A centaur comes into view.
The centaur shouts!
The centaur wields a +0 shortbow.
The centaur shoots an arrow.
The arrow hits you!
Found a stone staircase leading up.
You see here an arrow.
Unknown command.
Your hands tingle!
b - a +1 dagger of speed (weapon)
The centaur unwields a +0 shortbow.
The centaur closely misses you.
It was a potion of curing.
You feel better.
The centaur hits you but does no damage.
It was a potion of brilliance.
You feel clever all of a sudden. The centaur closely misses you.
The centaur barely misses you.
You hit the centaur but do no damage. The centaur closely misses you.
You barely miss the centaur.
The centaur hits you but does no damage.
You closely miss the centaur. The centaur barely misses you.
You hit the centaur.
The centaur is lightly wounded.
The centaur hits you!
You hit the centaur.
The centaur is lightly wounded.
The centaur hits you.
It was a potion of cancellation.
Your magical effects are unravelling.
You feel magically purged.
You feel a little less clever now. The centaur hits you.
You feel better. The centaur barely misses you. The centaur closely misses you.
Okay, then.
You aren't carrying any potions.
As you read the scroll labeled IROSOW KIGGASCH, it crumbles to dust.
You assume a fearsome visage.
The centaur looks frightened!
It was a scroll of fear.
Unknown command.
There is a stone staircase leading up here.
Cornered, the centaur turns to fight!
You climb upwards. 2 orc priests and 2 skeletons come into view.
The orc priest shouts!
You hear a shout!
Found 19 arrows and a chain mail.
There is a stone staircase leading down here.
The orc priest shouts!
An orc comes into view. It is wielding a +0 dagger.
Found a stone staircase leading up.
As you read the scroll labeled ISTRIK UPAONAON, it crumbles to dust.
You hear a loud clanging noise!
It was a scroll of noise.
You hear a bark!
The adder skeleton completely misses you.
Unknown command.
The bullfrog skeleton hits you. The adder skeleton closely misses you.
The bullfrog skeleton hits you.
* * * LOW HITPOINT WARNING * * *
The adder skeleton misses you.
A jackal skeleton comes into view.
The bullfrog skeleton hits you.
* * * LOW HITPOINT WARNING * * *
There is a stone staircase leading up here.
The bullfrog skeleton hits you but does no damage.
The adder skeleton misses you.
The orc priest calls down the wrath of Beogh upon you.
Beogh smites you!
You die...

..## ...#### ###...o...#
# ... #.....##.
....#######.####........
.......@Z...o....(...#
......#.Z..####......#
##.......oo##...>....#
..............##.....#
.Z.........[..##.....#
#...........#........#
##.........#####.......
##......... ######.##
#.##.##### .#


You could see 2 orc priests, an orc, an adder skeleton, a jackal skeleton and a
bullfrog skeleton.

Vanquished Creatures
  Jessica (D:2)
  Terence (D:1)
  A gnoll (D:1)
  3 adders
  2 dart slugs
  A worm (D:2)
  2 leopard geckos (D:1)
  3 bats
  3 giant cockroaches
  6 goblins
  7 hobgoblins
  6 jackals (D:1)
  11 kobolds
  A quokka (D:3)
  5 frilled lizards
  10 rats
63 creatures vanquished.

Notes
Turn   | Place    | Note
-------+----------+-------------------------------------------
     0 | D:1      | trivialoptimal the Deep Elf Hunter began the quest for the
                  | Orb.
     0 | D:1      | Reached XP level 1. HP: 12/12 MP: 3/3
   181 | D:1      | Reached XP level 2. HP: 15/17 MP: 4/4
   887 | D:1      | Reached XP level 3. HP: 22/22 MP: 5/5
  1994 | D:2      | Noticed Terence
  3171 | D:1      | Killed Terence
  3171 | D:1      | Reached XP level 4. HP: 14/28 MP: 6/6
  4108 | D:2      | Noticed Jessica
  4114 | D:2      | Killed Jessica
  4114 | D:2      | Reached skill level 5 in Bows
  4449 | D:3      | Found a bloodstained altar of Trog.
  4551 | D:3      | Reached XP level 5. HP: 32/32 MP: 7/7
  4967 | D:3      | Found a burning altar of Makhleb.
  5068 | D:3      | You fall into a shaft and drop 2 floors!
  5068 | D:5      | Entered Level 5 of the Dungeon
  5126 | D:5      | Noticed a centaur
  5157 | D:4      | Killed from afar by an orc priest

Levels and vault maps discovered:
D:1:      scummos_arrival_gate, layout_basic, st_stairs_3
D:2:      layout_rooms, uniq_jessica, uniq_terence
D:3:      minmay_wonky_spiral, layout_basic, overflow_temple_1_default,
          old_standard_altar, bloody_makhleb, first_ration,
          gammafunk_ghost_arena
D:4:      layout_rooms, lemuel_round_altar, kennysheep_generic_room_2
D:5:      layout_loops_cross, kennysheep_mini, minmay_temple_entry_glass,
          uniq_menkaure

Skill      XL: |  1  2  3  4 |
---------------+-------------+-----
Fighting       | 2 3 |  3.5
Stealth        | 2 |  2.0
Dodging        | 3 |  3.0
Bows           | 5 |  5.1
Short Blades   | |  0.4

Action                   |  1- 3 |  4- 6 || total
-------------------------+-------+-------++-------
Melee: Short sword       |   111 |    55 ||   166
       Dagger            |       |    39 ||    39
 Fire: Shortbow          |    55 |    33 ||    88
Throw: Javelin           |     6 |       ||     6
  Use: Potion            |     2 |     4 ||     6
       Scroll            |     1 |     4 ||     5
 Stab: Sleeping          |     1 |     2 ||     3
  Eat: Chunk             |     4 |     6 ||    10
       Ration            |     1 |       ||     1
Armor: Leather armour    |    44 |       ||    44
       Ring mail         |       |    26 ||    26
Dodge: Dodged            |   123 |    74 ||   197

Table legend:
 A = Non-vault XP
 B = Vault XP
 C = Vault XP percentage of total XP
 D = Non-vault monster count
 E = Vault monster count
 F = Vault count percentage of total count
                 A         B        C        D         E       F
            +---------+---------+-------+---------+---------+-------
      Total |     148 |      79 |  34.8 |      59 |       4 |   6.3
            +---------+---------+-------+---------+---------+-------
        D:1 |      77 |      42 |  35.3 |      31 |       3 |   8.8
        D:2 |      35 |      37 |  51.4 |      13 |       1 |   7.1
        D:3 |      36 |       0 |   0.0 |      15 |       0 |   0.0
            +---------+---------+-------+---------+---------+-------
